 Dungeon Crawl Stone Soup version 0.28.0-45-g0d030f2227 (webtiles) character file.

Game seed: 6571288034113462244

224 zeratav the Insei (level 6, -1/39 HPs)
             Began as an Octopode Transmuter on Apr 7, 2022.
             Was an Initiate of Ashenzari.
             Slain by an ogre
             ... wielding a +0 giant club
              (29 damage)
             ... on level 5 of the Dungeon.
             The game lasted 00:12:55 (3615 turns).

zeratav the Insei (Octopode Transmuter)             Turns: 3615, Time: 00:12:56

Health: -1/39      AC:  5    Str:  9    XL:     6   Next: 0%
Magic:  9/9        EV: 14    Int: 15    God:    Ashenzari [......]
Gold:   196        SH:  0    Dex: 15    Spells: 5/9 levels left

rFire   . . .      SeeInvis .   f - +2 trident (venom) {polearm}
rCold   + . .      Faith    .   (no shield)
rNeg    . . .      Spirit   .   (helmet restricted)
rPois   .          Reflect  .   (no amulet)
rElec   .          Harm     .   b - +4 ring of protection
rCorr   .          Rampage  .   g - ring of protection from cold
Will    .....                   (no ring)
Stlth   +++.......              (no ring)
HPRegen 0.13/turn               (no ring)
MPRegen 0.11/turn               (no ring)
                                (no ring)
                                (no ring)

@: no status effects
A: almost no armour, amphibious, 8 rings, camouflage 1, gelatinous body 1,
(nimble swimmer 1), tentacles
a: Renounce Religion


You were on level 5 of the Dungeon.
You worshipped Ashenzari.
Ashenzari was noncommittal.
You visited 2 branches of the dungeon, and saw 6 of its levels.

You collected 196 gold pieces.


Innate Abilities, Weirdness & Mutations

You cannot wear most types of armour.
You are amphibious.
You can wear up to eight rings at the same time.
Your skin changes colour to match your surroundings (Stealth+).
Your rubbery body absorbs attacks. (AC +1, EV +1)
((You are camouflaged when in or above water. (Stealth+)))
You have tentacles for arms and can constrict up to eight enemies at once.


   Skills:
 + Level 2.2 Fighting
 + Level 3.0 Dodging
 + Level 3.1 Stealth
 * Level 4.5 Unarmed Combat
 - Level 2.0 Spellcasting
 + Level 2.9 Transmutations


You had 5 spell levels left.
You knew the following spells:

 Your Spells              Type           Power      Damage    Failure   Level
a - Beastly Appendage     Tmut           20%        N/A       7%          1
b - Spider Form           Tmut/Pois      5%         N/A       36%         3

Your spell library contained the following spells:

 Spells                   Type           Power      Damage    Failure   Level
 Wereblood                Tmut           10%        N/A       10%         2
 Sublimation of Blood     Necr           1%         N/A       32%         2
 Ice Form                 Ice/Tmut       5%         N/A       77%         4
 Summon Hydra             Summ           0%         N/A       100%        7

Inventory:

Hand Weapons
 f - a +2 trident of venom (weapon) {polearm}
   (You took it off a goblin on level 2 of the Dungeon)
 p - a +2 short sword of freezing {short}
   (You took it off an orc on level 4 of the Dungeon)
Missiles
 l - 3 javelins {throwing}
Jewellery
 b - a +4 ring of protection (left tentacle)
   (You found it on level 1 of the Dungeon)
 g - a ring of protection from cold (right tentacle)
   (You found it on level 3 of the Dungeon)
Scrolls
 a - 2 scrolls of magic mapping {unknown}
 e - a scroll of teleportation {unknown}
 m - a scroll of fear {unknown}
 n - a scroll of vulnerability {unknown}
Potions
 d - a potion of haste {unknown}
 h - a potion of cancellation {unknown}
 i - a potion of resistance {unknown}
 j - a potion of might {unknown}
 k - a potion of mutation {unknown}
 o - a potion of curing {unknown}

Dungeon Overview and Level Annotations

Branches:
Dungeon (5/15)             Temple (1/1) D:4

Altars:
Ashenzari
Dithmenos
Elyvilon
Kikubaaqudgha
Makhleb
Nemelex Xobeh
Qazlal
Sif Muna
Xom
Zin
The Shining One

Annotations:
D:4 Grinder

.......##..#
.........$.
.#####.).......##
..#..............
...............#
.....#.........# #
#..#.........## ..
#.............#
...##......@O...(..
...................
.............#.....
.......<.....# ....
......#.###.## ...
......... #..# #.
#.....#........
##.####.....#.## #
#..#.. $.


You could see an ogre.


Message History

You now have 183 gold pieces (gained 11).
A goblin comes into view. It is wielding a +0 dagger.
The goblin hits you with a +0 dagger.
HP[-3]
You take 3 damage, and now have 31/34 hp.
You barely miss the goblin. You grab the goblin.
Your squeeze misses the goblin. You constrict the goblin.
The goblin hits you but does no damage.
You hit the goblin but do no damage.
The goblin is poisoned.
You squeeze the goblin. You constrict the goblin.
You kill the goblin!
Things that are here:
a +0 dagger {short}; a goblin corpse HP[+1]
An orc comes into view.
It is wielding a +2 short sword of freezing.
HP[+1]
You aren't carrying any items that you can evoke.
You aren't carrying any items that you can evoke.
The helpless orc fails to defend itself.
You hit the orc.
The orc is poisoned.
Your grab misses the orc. The orc closely misses you.
You hit the orc.
The orc looks as sick as possible!
Your grab misses the orc. The orc closely misses you.
You hit the orc.
You kill the orc!
Things that are here:
a +2 short sword of freezing {short}; an orc corpse
p - a +2 short sword of freezing {short} You drop a +2 dagger of venom {short}.
HP[+1]
Your hp is fully restored (34).
A gnoll shaman and a gnoll come into view.
A gnoll comes into view. It is wielding a +0 spear.
There is a staircase to the Ecumenical Temple here.
An adder comes into view.
The adder hisses angrily.
You hit the adder.
The adder is poisoned.
Your grab misses the adder. You squeeze the adder.
The adder closely misses you.
You completely miss the adder. Your grab misses the adder.
The adder barely misses you. The adder bites you but does no damage.
You miss the adder. Your grab misses the adder.
The adder bites you but does no damage. The adder bites you.
You are poisoned.
The adder poisons you!
HP[-1]
You take 1 damage, and now have 33/34 hp.
You hit the adder.
The adder looks as sick as possible!
Your grab misses the adder.
You feel sick.
You kill the adder!
Your Dodging skill increases to level 3!
HP[-2]
You take 2 damage, and now have 31/34 hp.
You feel sick.
HP[-1]
You take 1 damage, and now have 30/34 hp.
You feel sick.
HP[-1]
You take 1 damage, and now have 29/34 hp.
You feel sick.
HP[-1]
You take 1 damage, and now have 28/34 hp.
You feel sick.
You start resting.
You feel sick.
You are no longer poisoned.
HP[+6]
Your hp is fully restored (34).
You start waiting.
Done waiting.
An endoplasm comes into view.
The endoplasm quivers.
You hit the endoplasm. The endoplasm closely misses you.
You puncture the endoplasm!
You kill the endoplasm!
You have reached level 6!
HP[+5] MP[+1]
You now have 39 max hp (+5).
Your hp is fully restored (39).
Your mp is fully restored (9).
A hobgoblin comes into view.
The helpless hobgoblin fails to defend itself.
You hit the hobgoblin.
You kill the hobgoblin!
You see here a hobgoblin corpse.
Found a stone staircase leading up.
There is a stone staircase leading down here.
You climb downwards.
There is a stone staircase leading up here.
An ogre comes into view. It is wielding a +0 giant club.
You see here 13 gold pieces.
You now have 196 gold pieces (gained 13).
You barely miss the ogre. The ogre hits you with a +0 giant club!
HP[-11]
You take 11 damage, and now have 28/39 hp.
MASSIVE DAMAGE!! (PAUSE)
You hit the ogre but do no damage. The ogre closely misses you.
You hit the ogre. You squeeze the ogre. The ogre misses you.
You hit the ogre. You squeeze the ogre! The ogre barely misses you.
You hit the ogre. You squeeze the ogre, but do no damage.
The ogre hits you with a +0 giant club!!
Ouch! That really hurt!
You die...

Skill      XL: |  1  2  3  4  5 |
---------------+----------------+-----
Stealth        | 1 2 3 |  3.1
Unarmed Combat | 4 |  4.5
Fighting       | 2 |  2.2
Dodging        | 3 |  3.0
Spellcasting   | |  2.0
Transmutations | |  2.9

Action                   |  1- 3 |  4- 6 || total
-------------------------+-------+-------++-------
Melee: Unarmed           |    29 |       ||    29
       Constrict         |    21 |    19 ||    40
       Tentacles         |    23 |    19 ||    42
       Kick              |     6 |     3 ||     9
       Dagger            |    50 |    12 ||    62
       Punch             |     1 |       ||     1
       Trident           |       |    71 ||    71
 Cast: Beastly Appendage |     9 |     1 ||    10
 Stab: Sleeping          |    10 |    11 ||    21
Armor: Skin              |    21 |    20 ||    41
Dodge: Dodged            |    34 |    53 ||    87

Levels and vault maps discovered:
D:1:      dpeg_arrival_shelter, layout_basic
D:2:      layout_loops_ring
D:3:      layout_basic, minmay_ruptured
D:4:      layout_cave_pools, minmay_temple_entry_offerings, uniq_grinder
D:5:      layout_cave_pools, mainiacjoe_overflow_surrounded_room
Temple:   eino_temple_scatter_basement

Notes
Turn   | Place    | Note
-------+----------+-------------------------------------------
     0 | D:1      | zeratav the Octopode Transmuter began the quest for the
                  | Orb.
     0 | D:1      | Reached XP level 1. HP: 13/13 MP: 3/3
     0 | D:1      | magus.rc [v1.9.6]
   171 | D:1      | Reached XP level 2. HP: 14/18 MP: 3/5
   177 | D:1      | Reached skill level 1 in Stealth
   725 | D:1      | Reached XP level 3. HP: 23/23 MP: 6/6
  1252 | D:2      | Identified the +3 leather armour of Zin's Grace {Str+3
                  | Dex+2}
  1377 | D:2      | Reached skill level 2 in Stealth
  1377 | D:2      | Reached XP level 4. HP: 29/29 MP: 7/7
  1546 | D:2      | Learned a level 3 spell: Spider Form
  1561 | D:2      | HP: 7/29 [poisoned by a goblin]
  2564 | D:3      | Reached skill level 4 in Unarmed Combat
  2590 | D:3      | Reached XP level 5. HP: 23/34 MP: 8/8
  2764 | D:4      | Reached skill level 2 in Fighting
  3011 | D:4      | Reached skill level 3 in Stealth
  3016 | D:4      | Found a staircase to the Ecumenical Temple.
  3027 | D:4      | Noticed Grinder
  3031 | D:4      | You pick up a book of Blood and begin reading...
  3031 | D:4      | You add the spells Sublimation of Blood and Summon Hydra to
                  | your library.
  3045 | Temple   | Entered the Ecumenical Temple
  3127 | Temple   | Became a worshipper of Ashenzari the Shackled
  3319 | D:4      | Reached skill level 3 in Dodging
  3512 | D:4      | Reached XP level 6. HP: 39/39 MP: 9/9
  3602 | D:5      | Entered Level 5 of the Dungeon
  3615 | D:5      | Slain by an ogre

Vanquished Creatures
  A water moccasin skeleton (D:4)
  A hound (D:4)
  5 adders
  A white imp (D:3)
  An adder skeleton (D:4)
  2 dart slugs
  2 worms (D:2)
  2 orcs
  6 ball pythons
  10 endoplasms
  8 giant cockroaches
  7 goblins
  6 hobgoblins
  4 jackals (D:2)
  3 quokkas (D:1)
  4 bats
  5 frilled lizards
  7 kobolds
  9 rats
84 creatures vanquished.

Table legend:
 A = Non-vault XP
 B = Vault XP
 C = Vault XP percentage of total XP
 D = Non-vault monster count
 E = Vault monster count
 F = Vault count percentage of total count
                 A         B        C        D         E       F
            +---------+---------+-------+---------+---------+-------
      Total |     306 |      15 |   4.7 |      82 |       2 |   2.4
            +---------+---------+-------+---------+---------+-------
        D:1 |      57 |       0 |   0.0 |      33 |       0 |   0.0
        D:2 |      70 |       0 |   0.0 |      25 |       0 |   0.0
        D:3 |      27 |      15 |  35.7 |      12 |       2 |  14.3
        D:4 |     152 |       0 |   0.0 |      12 |       0 |   0.0
            +---------+---------+-------+---------+---------+-------

Illustrated notes

Table legend:
 A = Kills in this place as a percentage of kills in entire the game.
 B = Kills by you in this place as a percentage of kills by you in the entire game.
 C = Kills by friends in this place as a percentage of kills by friends in the entire game.
 D = Other kills in this place as a percentage of other kills in the entire game.
 E = Experience gained in this place as a percentage of experience gained in the entire game.
 F = Experience gained in this place divided by the number of levels of this place that you have seen.
                   A       B       C       D       E      F
               +-------+-------+-------+-------+-------+----------------------
         Total | 100.0 | 100.0 |   N/A |   N/A | 100.0 |  53.5
       Dungeon | 100.0 | 100.0 |   N/A |   N/A | 100.0 |  64.2
               +-------+-------+-------+-------+-------+----------------------

Table legend: (Time is in decaauts)
 A = Elapsed time spent in this place.
 B = Non-inter-level travel time spent in this place.
 C = Inter-level travel time spent in this place.
 D = Time resting spent in this place.
 E = Time spent auto-exploring this place.
 F = Levels seen in this place.
 G = Mean time per level.
                   A        B        C        D        E       F      G
               +--------+--------+--------+--------+--------+-----+--------+
         Total |   3633 |   3133 |    500 |    719 |   1141 |   6 |  605.5 |
       Dungeon |   3536 |   3058 |    478 |    719 |   1081 |   5 |  707.2 |
        Temple |     96 |     74 |     22 |      0 |     60 |   1 |   96.0 |
               +--------+--------+--------+--------+--------+-----+--------+

Top non-repeatable levels by time:
     D:2: 1205 daAuts
     D:1: 1196 daAuts
     D:4: 756 daAuts
     D:3: 364 daAuts
  Temple: 96 daAuts
     D:5: 13 daAuts
